 Dungeon Sprint DCSS version 0.23.1 (webtiles) character file.

Game seed: 2938871059222077353

3385 nuthulu the Grappler (level 9, -10/101 HPs)
             Began as a Troll Monk on Mar 6, 2019.
             Was a High Priest of Qazlal.
             Mangled by a ghost moth (11 damage)
             ... called by a spriggan druid
             ... in the Dungeon (Sprint IV: "Fedhas' Mad Dash").
             The game lasted 00:03:13 (1263 turns).

nuthulu the Grappler (Troll Monk)                   Turns: 1263, Time: 00:03:14

Health: -10/101    AC:  8    Str: 23 (24) XL:     9   Next: 74%
Magic:  5/15       EV: 14    Int:  6      God:    Qazlal [*****.]
Gold:   112        SH:  6    Dex: 11 (12) Spells: 8/8 levels left

rFire    . . .     SeeInvis .     - Unarmed
rCold    . . .     Gourm    +   (no shield)
rNeg     + . .     Faith    .   j - +2 robe {rN+}
rPois    .         Spirit   .   (helmet restricted)
rElec    .         Reflect  .   (no cloak)
rCorr    .         Harm     .   (gloves unavailable)
MR       .....     NoTele   +   (boots unavailable)
Stlth    +.........             i - amulet of invisibility {+Inv}
HPRegen  0.66/turn              (no ring)
MPRegen  0.14/turn              (no ring)

@: lethally poisoned (-10 -> -10), repel missiles
A: large, unfitting armour, claws 3, fast metabolism 3, gourmand, regeneration
1, shaggy fur 1, tough skin 3
a: Upheaval, Elemental Force, Disaster Area, Renounce Religion, Evoke
Invisibility


You were in the Dungeon.
You worshipped Qazlal.
Qazlal was extremely pleased with you.
You were not hungry.

You visited 1 branch You collected 226 gold pieces.
You spent 114 gold pieces at shops.

Inventory:

Armour
 a - a +0 robe
 j - a +2 robe of positive energy (worn)
Jewellery
 i - the amulet of invisibility (around neck) {+Inv}
   (You found it in the Dungeon)

   [amulet of nothing]

   It lets you turn invisible.
Wands
 c - a wand of flame (18)
Scrolls
 h - a scroll of blinking
Potions
 d - a potion of heal wounds
 e - a potion of haste
 f - a potion of magic
 g - a potion of berserk rage
Comestibles
 b - a ration


   Skills:
 + Level 10.2 Fighting
 + Level 10.3 Dodging
 - Level 1.0 Stealth
 + Level 12.0 Unarmed Combat
 + Level 9.5 Invocations


You had 8 spell levels left.
You didn't know any spells.
Your spell library was empty.

Dungeon Overview and Level Annotations

Branches:
Dungeon (1/1)

Altars:
Cheibriados
Dithmenos
Elyvilon
Gozag
Hepliaklqana
Kikubaaqudgha
Makhleb
Nemelex Xobeh
Okawaru
Qazlal
Ru
Sif Muna
Trog
Uskayaw
Vehumet
Wu Jian
Xom
Yredelemnul
Zin
The Shining One
Beogh
Jiyva
Lugonu

Shops:
D ?[?*


Innate Abilities, Weirdness & Mutations

You are too large for most types of armour.
You have claws for hands.
Your metabolism is lightning-fast.
You like to eat raw meat.
Your natural rate of healing is unusually fast.
You are covered in fur. (AC +1)
You have extremely tough skin. (AC +3)


Message History

Unknown command.
You don't have enough magic at the moment.
Unknown command.
Unknown command.
Unknown command.
Magic courses through your body. Something hits you but does no damage.
Something hits you!
* * * LOW HITPOINT WARNING * * *
Something stings you.
* * * LOW HITPOINT WARNING * * *
Unknown command.
Unknown command.
Nature churns violently around you!
You feel sick.
You feel you are being watched by something.
You feel your power leaking away. Something hits you.
* * * LOW HITPOINT WARNING * * *
Something hits you!
You die...

#################################
..P#.....#.....#.⌠._._._._.⌠)#.('
P..'.....+.#)..'.._._._._._..)..#
PPP#.....#.#...#..._._._._...#..#
#############†##.._._._._._..#..#
..♣........†...#._._._._._.⌠.####
.....♣.....#...###############
....♣..♣..######♣♣♣♣♣≈.♣
+####'######.§§†@.)..♣
.#....'....§≈≈#♣.○♣♣♣.♣
.#.[###....§..#.♣♣.(♣ #####
########## ####


There were no monsters in sight!

Vanquished Creatures
  A spriggan druid (D)
  2 oklob plants (D)
  3 burning bushes (D)
  A queen bee (D)
  A hornet (D)
  3 wandering mushrooms (D)
  2 scorpions (D)
  3 killer bees (D)
  5 oklob saplings (D)
  A worker ant (D)
  2 spriggans (D)
  A river rat (D)
  A rat (D)
26 creatures vanquished.

Vanquished Creatures (collateral kills)
  A killer bee (D)
1 creature vanquished.

Grand Total: 27 creatures vanquished

Notes
Turn   | Place    | Note
-------+----------+-------------------------------------------
     0 | D        | nuthulu the Troll Monk began the quest for the Orb.
     0 | D        | Reached XP level 1. HP: 22/22 MP: 0/0
    10 | D        | Reached XP level 2. HP: 27/31 MP: 1/1
    21 | D        | Noticed an oklob sapling
    23 | D        | Killed an oklob sapling
    23 | D        | Reached skill level 4 in Unarmed Combat
    23 | D        | Reached XP level 3. HP: 39/39 MP: 2/2
    29 | D        | Reached skill level 5 in Unarmed Combat
    31 | D        | Found the amulet of invisibility {+Inv}
    51 | D        | Noticed an oklob sapling
    57 | D        | Killed an oklob sapling
    57 | D        | Reached XP level 4. HP: 49/49 MP: 3/3
    68 | D        | Found an opulent altar of Gozag.
    68 | D        | Found a hazy altar of Hepliaklqana.
    68 | D        | Found a burning altar of Makhleb.
    68 | D        | Found a roughly hewn altar of Beogh.
    68 | D        | Found a sparkling altar of Nemelex Xobeh.
    68 | D        | Found a snail-covered altar of Cheibriados.
    68 | D        | Found a sacrificial altar of Ru.
    68 | D        | Found a deep blue altar of Sif Muna.
    68 | D        | Found a shimmering altar of Xom.
    68 | D        | Found a basalt altar of Yredelemnul.
    69 | D        | Found a viscous altar of Jiyva.
    69 | D        | Found a bloodstained altar of Trog.
    69 | D        | Found an ornate altar of the Wu Jian Council.
    70 | D        | Found an iron altar of Okawaru.
    70 | D        | Found a shadowy altar of Dithmenos.
    70 | D        | Found a glowing silver altar of Zin.
    71 | D        | Found an ancient bone altar of Kikubaaqudgha.
    71 | D        | Found a hide-covered altar of Uskayaw.
    72 | D        | Found a stormy altar of Qazlal.
    72 | D        | Found a white marble altar of Elyvilon.
    72 | D        | Found a glowing golden altar of the Shining One.
    73 | D        | Found a corrupted altar of Lugonu.
    73 | D        | Found a radiant altar of Vehumet.
    81 | D        | Reached skill level 5 in Fighting
    81 | D        | Reached skill level 5 in Dodging
    81 | D        | Reached skill level 6 in Unarmed Combat
    81 | D        | Reached XP level 5. HP: 57/57 MP: 2/4
    86 | D        | Became a worshipper of Qazlal Stormbringer
    86 | D        | Reached * piety under Qazlal
    86 | D        | Reached ** piety under Qazlal
   197 | D        | Reached skill level 1 in Invocations
   237 | D        | Reached skill level 7 in Unarmed Combat
   243 | D        | Reached *** piety under Qazlal
   447 | D        | Found Ziopt's Antique Armour Shop.
   447 | D        | Found Busheo's Magic Scroll Emporium.
   452 | D        | Bought an embroidered robe for 114 gold pieces
   465 | D        | Noticed a burning bush
   465 | D        | Noticed a wandering mushroom
   572 | D        | Noticed a wandering mushroom
   577 | D        | Reached XP level 6. HP: 68/68 MP: 7/7
   697 | D        | Killed a wandering mushroom
   697 | D        | Reached skill level 8 in Unarmed Combat
   740 | D        | Killed a wandering mushroom
   740 | D        | Reached skill level 9 in Unarmed Combat
   740 | D        | Reached skill level 5 in Invocations
   740 | D        | Reached XP level 7. HP: 78/78 MP: 8/10
   762 | D        | Killed a burning bush
   762 | D        | Reached **** piety under Qazlal
   767 | D        | Found Hooddaos's General Store.
   767 | D        | Found Nezxasae's Magic Scroll Shoppe.
   811 | D        | Noticed a queen bee
   836 | D        | Killed a queen bee
   836 | D        | Reached skill level 10 in Unarmed Combat
   836 | D        | Reached XP level 8. HP: 49/89 MP: 5/12
   889 | D        | Noticed an oklob plant
   950 | D        | Killed an oklob plant
   950 | D        | Reached ***** piety under Qazlal
   963 | D        | Noticed a burning bush
   970 | D        | Killed a burning bush
   979 | D        | Noticed a burning bush
   979 | D        | Noticed an oklob plant
  1113 | D        | Noticed a wandering mushroom
  1114 | D        | Killed an oklob plant
  1114 | D        | Reached skill level 11 in Unarmed Combat
  1114 | D        | Reached XP level 9. HP: 100/100 MP: 12/14
  1216 | D        | Killed a wandering mushroom
  1220 | D        | Killed a burning bush
  1220 | D        | Reached skill level 10 in Dodging
  1242 | D        | Noticed a spriggan druid
  1248 | D        | Killed a spriggan druid
  1248 | D        | Reached skill level 10 in Fighting
  1253 | D        | Reached skill level 12 in Unarmed Combat
  1262 | D        | HP: 4/101 [something (5)]
  1263 | D        | HP: 1/101 [something (2)]
  1263 | D        | Mangled by a ghost moth

Skill      XL: |  1  2  3  4  5  6  7  8  9 |
---------------+----------------------------+-----
Fighting       | 3 4 5 6 7 8 9 10 | 10.2
Dodging        | 3 4 5 6 7 8 9 10 | 10.3
Unarmed Combat | 4 5 6 7 9 10 11 12 | 12.0
Invocations    | 3 5 6 8 9 |  9.5
Stealth        | |  1.0

Action                   |  1- 3 |  4- 6 |  7- 9 || total
-------------------------+-------+-------+-------++-------
Melee: Unarmed           |    12 |    32 |    45 ||    89
       Punch             |       |     2 |     4 ||     6
Invok: Elemental Force   |       |       |     1 ||     1
       Disaster Area     |       |       |     2 ||     2
 Abil: Evoke Invisibilit |       |     2 |       ||     2
  Use: Potion            |       |       |     2 ||     2
 Stab: Invisible         |       |     1 |       ||     1
       Sleeping          |       |     1 |       ||     1
  Eat: Chunk             |     1 |     4 |       ||     5
       Ration            |       |       |     2 ||     2
Armor: Robe              |       |     1 |     8 ||     9
Dodge: Dodged            |     3 |    11 |    31 ||    45
       Deflected         |       |       |     2 ||     2
Block: Other             |       |     2 |     8 ||    10
